 Dungeon Crawl Stone Soup version bcrawl-1.19.2-6-g6a88ae04c9 (webtiles) character file.

Game seed: 321900222251117771

1670 Mrkan the Ruffian (level 8, -8/80 HPs)
             Began as a Troll Fighter on Dec 30, 2019.
             Was a Priest of Elyvilon.
             Mangled by a white ugly thing (27 damage)
             ... on level 6 of the Dungeon.
             The game lasted 00:06:55 (4287 turns).

Mrkan the Ruffian (Troll Fighter)                   Turns: 4287, Time: 00:06:55

Health: -8/80      AC:  9    Str: 25    XL:     8   Next: 70%
Magic:  10/10      EV:  8    Int:  7    God:    Elyvilon [***...]
Gold:   355        SH:  9    Dex:  9    Spells: 7/7 levels left

rFire    . . .     SeeInvis .     - Unarmed
rCold    . . .     Gourm    +   a - +0 shield
rNeg     . . .     Faith    .   (armour unavailable)
rPois    .         Spirit   .   r - +2 hat
rElec    .         Reflect  .   (no cloak)
rCorr    .         Harm     .   (gloves unavailable)
MR       .....                  (boots unavailable)
Stlth    +.........             (no amulet)
HPRegen  0.63/turn              (no ring)
MPRegen  0.12/turn              (no ring)

@: no status effects
A: large, almost no armour, unfitting armour, claws 3, fast metabolism 3,
gourmand, regeneration 1, AC +7
a: Lesser Healing, Heal Other, Purification, Divine Protection, Renounce
Religion


You were on level 6 of the Dungeon.
You worshipped Elyvilon.
Elyvilon was most pleased with you.
You were completely stuffed.

You visited 1 branch of the dungeon, and saw 6 of its levels.

You collected 355 gold pieces.

Inventory:

Missiles
 i - 142 javelins (quivered)
Armour
 a - a +0 shield (worn)
 r - a +2 hat (worn)
Wands
 m - a wand of iceblast (11)
Scrolls
 e - a scroll of enchant armour {unknown}
 f - 6 scrolls of identify {unknown}
 g - 4 scrolls of blinking {unknown}
 j - 2 scrolls of immolation {unknown}
 l - 5 scrolls of remove curse {unknown}
 n - 4 scrolls of teleportation {unknown}
 q - a scroll of noise {unknown}
 s - a scroll of amnesia {unknown}
Potions
 b - 4 potions of might
 d - 3 potions of berserk rage {unknown}
 h - 6 potions of lignification {unknown}
 k - a potion of curing {unknown}
 p - a potion of cancellation {unknown}
Comestibles
 c - 12 rations {!d}
 o - 4 chunks of flesh


   Skills:
 + Level 5.3 Fighting
 - Level 2.4 Dodging
 * Level 3.2 Shields
 - Level 7.4 Unarmed Combat
 + Level 4.8 Invocations


You had 7 spell levels left.
You didn't know any spells.
Your spell library was empty.

Dungeon Overview and Level Annotations

Branches:
Dungeon (6/12)             Temple (0/1) D:5

Altars:
Cheibriados
Elyvilon
Gozag
Kikubaaqudgha
Makhleb
Qazlal
Sif Muna


Innate Abilities, Weirdness & Mutations

You cannot wear most types of armour.
Your thick skin is tough. (AC +7)
You are too large for most types of armour.
You have claws for hands.
Your metabolism is lightning-fast.
You like to eat raw meat.
Your natural rate of healing is unusually fast.


Message History

Found a stone staircase leading down.
s - a scroll labeled BECHOTSY TIANE You can now purify yourself.
A white ugly thing comes into view.
The white ugly thing gurgles horribly!
A white ugly thing is nearby!
A white ugly thing is nearby!
The white ugly thing tentacle-slaps you.
The white ugly thing freezes you!!
The white ugly thing tentacle-slaps you.
The white ugly thing freezes you!!
You claw the white ugly thing!
The white ugly thing is lightly wounded.
You block the white ugly thing's attack.
You claw the white ugly thing!
The white ugly thing is moderately wounded.
The white ugly thing tentacle-slaps you!
* * * LOW HITPOINT WARNING * * *
The white ugly thing freezes you!!
You die...

........ .. #..... #.
..##..... ###. .
#......##### . ....
..#....#..#..#..## ..#.
.................####.###
#.........###....#..###
#...u................
#.@..........#.....
##...#.......#...#.
#.......#...##...#
##......#........#
#.......^........
##...##....#....#
#######..##....#
#####..... ####..


You could see a white ugly thing.

Vanquished Creatures
  A hippogriff (D:6)
  Menkaure (D:5)
  Duvessa (D:5)
  2 sky beasts (D:4)
  An ogre (D:4)
  A bullfrog (D:6)
  A gnoll sergeant (D:4)
  Dowan (D:5)
  A water moccasin skeleton (D:4)
  5 wights (D:6)
  A howler monkey (D:4)
  2 crimson imps
  A jelly (D:4)
  6 orc wizards
  A hound zombie (D:5)
  6 gnolls
  4 adders
  3 shadow imps
  An ooze (D:1)
  An adder skeleton (D:4)
  A worm (D:1)
  2 dart slugs
  4 leopard geckos
  17 orcs
  4 giant cockroaches
  6 goblins
  14 hobgoblins
  2 jackals (D:2)
  7 kobolds
  4 quokkas
  2 ball pythons
  10 bats
  5 frilled lizards
  A jackal skeleton (D:5)
  4 rats
124 creatures vanquished.

Notes
Turn   | Place    | Note
-------+----------+-------------------------------------------
     0 | D:1      | Mrkan the Troll Fighter began the quest for the Orb.
     0 | D:1      | Reached XP level 1. HP: 22/22 MP: 0/0
   107 | D:1      | Reached XP level 2. HP: 29/29 MP: 1/1
   426 | D:1      | Reached skill level 3 in Unarmed Combat
   435 | D:1      | Reached XP level 3. HP: 32/36 MP: 2/2
  1221 | D:2      | Gained mutation: Your natural rate of healing is unusually
                  | fast. [Troll growth]
  1221 | D:2      | Reached XP level 4. HP: 45/45 MP: 3/3
  1349 | D:2      | Reached skill level 4 in Unarmed Combat
  1585 | D:2      | Found a white marble altar of Elyvilon.
  1595 | D:2      | Became a worshipper of Elyvilon the Healer
  2550 | D:3      | Reached * piety under Elyvilon
  2710 | D:4      | Reached XP level 5. HP: 52/53 MP: 4/4
  2719 | D:4      | Reached skill level 1 in Invocations
  2805 | D:4      | Reached skill level 5 in Unarmed Combat
  2805 | D:4      | Reached XP level 6. HP: 51/61 MP: 4/6
  2998 | D:4      | Noticed a sky beast
  3010 | D:4      | Killed a sky beast
  3109 | D:4      | Reached XP level 7. HP: 67/70 MP: 7/7
  3120 | D:4      | Reached skill level 6 in Unarmed Combat
  3453 | D:4      | Found a shimmering blue altar of Sif Muna.
  3488 | D:5      | Entered Level 5 of the Dungeon
  3489 | D:5      | Reached ** piety under Elyvilon
  3564 | D:5      | Found a staircase to the Ecumenical Temple.
  3731 | D:5      | Noticed Duvessa
  3731 | D:5      | Noticed Dowan
  3740 | D:5      | Killed Duvessa
  3748 | D:5      | Killed Dowan
  3748 | D:5      | Reached skill level 7 in Unarmed Combat
  3853 | D:5      | Reached XP level 8. HP: 79/79 MP: 9/9
  3854 | D:5      | Noticed Menkaure
  3861 | D:5      | Killed Menkaure
  3892 | D:5      | Found a snail-covered altar of Cheibriados.
  3893 | D:5      | Found an ancient bone altar of Kikubaaqudgha.
  3894 | D:5      | Found an opulent altar of Gozag.
  3895 | D:5      | Found a stormy altar of Qazlal.
  4013 | D:6      | Found a burning altar of Makhleb.
  4016 | D:6      | Noticed an Executioner
  4155 | D:6      | Reached skill level 5 in Fighting
  4207 | D:6      | Noticed a hippogriff
  4218 | D:6      | Killed a hippogriff
  4281 | D:6      | Reached *** piety under Elyvilon
  4281 | D:6      | Noticed a white ugly thing
  4287 | D:6      | Mangled by a white ugly thing

Skill      XL: |  1  2  3  4  5  6  7  8 |
---------------+-------------------------+-----
Unarmed Combat | 3 4 5 7 |  7.4
Fighting       | 3 4 5 |  5.3
Invocations    | 1 2 3 4 |  4.8
Shields        | 3 |  3.2
Dodging        | |  2.4

Action                   |  1- 3 |  4- 6 |  7- 9 || total
-------------------------+-------+-------+-------++-------
Melee: Unarmed           |    92 |   154 |   137 ||   383
  Eat: Chunk             |    13 |    12 |     7 ||    32
Armor: Skin              |    28 |    77 |    53 ||   158
Dodge: Dodged            |    37 |    54 |    42 ||   133
Block: Shield            |    40 |    80 |    61 ||   181
